 Dungeon Crawl Stone Soup version 0.26.1-2-gb8aa6d0 (webtiles) character file.

Game seed: 7997951860562377739

23797 AmazingTV the Fighter (level 12, 0/112 HPs)
             Began as a Minotaur Berserker on June 5, 2021.
             Was a High Priest of Trog.
             Killed from afar by a deep elf mage (36 damage)
             ... with a bolt of lightning
             ... on level 1 of the Elven Halls on June 6, 2021.
             The game lasted 03:17:33 (12338 turns).

AmazingTV the Fighter (Minotaur Berserker)         Turns: 12338, Time: 03:17:34

Health: 0/112      AC: 20    Str: 26    XL:     12   Next: 75%
Magic:  9/9        EV: 12    Int:  8    God:    Trog [*****.]
Gold:   588        SH:  0    Dex: 23    Spells: 11/11 levels left

rFire    + . .     SeeInvis .   U - +4 morningstar of Blood {vamp, +Inv Will+ Dex+2 Stlth-}
rCold    + . .     Faith    +   (no shield)
rNeg     . . .     Spirit   .   C - +3 plate armour
rPois    .         Reflect  .   M - +2 hat
rElec    .         Harm     .   O - +2 cloak {rCorr}
rCorr    +         Rampage  .   (no gloves)
Will     +++..                  Y - +0 pair of boots
Stlth    ..........             e - amulet of faith
HPRegen  1.28/turn              h - ring "Urraevih" {rF+ rC+ Str+3 Int+3 Dex+6}
MPRegen  0.11/turn              y - +4 ring of slaying

@: regenerating, studying Stealth
A: retaliatory headbutt, horns 2, deformed body, low mp 1, shaggy fur 1, strong
1
a: Renounce Religion, Evoke Invisibility, Berserk, Trog's Hand, Brothers in Arms


You were on level 1 of the Elven Halls.
You worshipped Trog.
Trog was extremely pleased with you.
You visited 4 branches of the dungeon, and saw 14 of its levels.
You also visited: Ossuary.

You collected 1950 gold pieces.
You spent 1362 gold pieces at shops.

Inventory:

Hand Weapons
 a - the +8 glaive of the Guard {elec, spectral, AC+5}
   (Trog gifted it to you on level 2 of the Orcish Mines)

   Occasionally, upon striking a foe, it can discharge electrical energy and
   cause terrible harm.
   It retains the spirit of the tree from which it was made.
   In the hands of one skilled in evocations this spirit is drawn out to fight
   along side the wielder.
   It affects your AC (+5).
 b - a +0 hunting sling
 c - a +2 vorpal hand axe
 j - a +1 dagger of speed
 l - a +0 arbalest
 m - a +4 halberd of flaming
 p - a +2 vorpal morningstar
 u - a +0 morningstar of electrocution
 F - a +1 vampiric halberd
 G - a +2 war axe of freezing
 I - a +1 trident of protection
 R - a +2 flail of protection
 U - the +4 morningstar of Blood (weapon) {vamp, +Inv Will+ Dex+2 Stlth-}
   (You found it on level 2 of the Orcish Mines)

   It inflicts no extra harm, but heals its wielder when it wounds a living foe.
   It affects your dexterity (+2).
   It affects your willpower, your defense against some magical effects.
   It lets you turn invisible.
   It makes you less stealthy.
 W - a +1 vorpal flail
 X - a +3 spear
Missiles
 f - 183 stones
 k - 145 bolts
 o - 8 poisoned darts (quivered)
 w - 47 sling bullets
 K - 61 boomerangs
 T - 8 datura-tipped darts
Armour
 s - a +2 ring mail of positive energy
 z - a +3 scale mail of cold resistance
 C - a +3 plate armour (worn)
 M - a +2 hat (worn)
 O - a +2 cloak of preservation (worn)
 Y - a +0 pair of boots (worn)
Jewellery
 e - an amulet of faith (around neck)
 h - the ring "Urraevih" (left hand) {rF+ rC+ Str+3 Int+3 Dex+6}
   (You acquired it on level 2 of the Orcish Mines)

   [ring of dexterity]

   It affects your strength (+3).
   It affects your intelligence (+3).
   It affects your dexterity (+6).
   It protects you from fire.
   It protects you from cold.
 v - an uncursed ring of ice
 y - a +4 ring of slaying (right hand)
 J - an uncursed ring of ice
 S - an uncursed ring of see invisible
Scrolls
 g - 12 scrolls of identify
 i - 4 scrolls of remove curse
 n - 2 scrolls of teleportation {unknown}
 t - 4 scrolls of enchant weapon
 E - a scroll of blinking {unknown}
Potions
 d - 10 potions of curing
 q - 2 potions of cancellation {unknown}
 r - 3 potions of might
 x - a potion of magic {unknown}
 A - 2 potions of invisibility
 B - 2 potions of flight
 D - 5 potions of heal wounds
 H - 2 potions of haste
 V - a potion of berserk rage
Books
 L - a manual of Stealth
Miscellaneous
 N - a phial of floods
 Q - a box of beasts


   Skills:
 * Level 12.0 Fighting
 - Level 9.0(11.7) Axes
 + Level 10.3(11.6) Maces & Flails
 * Level 6.7(8.9) Polearms
 - Level 6.1(7.8) Slings
 * Level 6.7(7.7) Throwing
 * Level 9.2 Armour
 * Level 7.1 Dodging
 + Level 8.9 Stealth
 * Level 1.4 Evocations


You had 11 spell levels left.
You didn't know any spells.
Your spell library contained the following spells:

 Spells                   Type           Power        Failure   Level
 Corona                   Hex            0%           99%         1
 Ensorcelled Hibernation  Hex/Ice        0%           100%        2
 Poisonous Vapours        Pois/Air       0%           100%        2
 Confusing Touch          Hex            0%           100%        3
 Conjure Flame            Conj/Fire      0%           100%        3
 Dazzling Flash           Conj/Hex       0%           100%        3
 Gell's Gravitas          Tloc           0%           100%        3
 Mephitic Cloud           Conj/Pois/Air  0%           100%        3
 Portal Projectile        Hex/Tloc       0%           100%        3
 Tukima's Dance           Hex            0%           100%        3
 Dispersal                Tloc           0%           100%        6
 Freezing Cloud           Conj/Ice/Air   0%           100%        6
 Disjunction              Tloc           0%           100%        8


Dungeon Overview and Level Annotations

Branches:
Dungeon (10/15)            Temple (1/1) D:6             Orc (2/2) D:10
    Elf (1/3) Orc:2       Ossuary (visited)
   Lair: D:8-11

Altars:
Cheibriados
Dithmenos
Gozag
Hepliaklqana
Okawaru
Trog
Vehumet
Wu Jian
Xom
Yredelemnul
Zin
The Shining One
Beogh

Shops:
D:5 [   D:9 :   D:10 :   Orc:2 !}?[


Innate Abilities, Weirdness & Mutations

You reflexively headbutt those who attack you in melee.
You have a pair of horns on your head.
Armour fits poorly on your strangely shaped body.
Your magical capacity is low. (-10% MP)
You are covered in fur. (AC +1)
Your muscles are strong. (Str +2)


Message History

The deep elf mage blinks!
Your deep troll barely misses the deep elf mage.
Your deep troll claws the deep elf mage!
Your deep troll closely misses the deep elf mage.
The deep elf mage casts a spell.
The deep elf mage blinks!
You start resting.
A deep elf mage is nearby!
A deep elf mage is nearby!
A deep elf mage is nearby!
You are too injured to fight recklessly!
Throw: 8 darts (poison)
Press: ? - help, Q - select action, (/) - cycle Shift-Dir - straight line, f - deep elf mage
Aim: a deep elf mage, wielding a +0 short sword (lightly wounded, 67% to hit)
Really fire in your deep troll's direction?
Okay, then.
The deep elf mage points at you and mumbles some strange words.
The bolt of lightning hits your deep troll!!
The bolt of lightning hits you!!!
You die...

#)8.#
#...#
.e.
#)#
#T#
#.#
#.#
##.##
#..@#
#.<.#
#...#
#####


You could see a deep elf mage and a friendly deep troll (summoned, berserk).

Vanquished Creatures
  An orc warlord (Orc:2)
  4 two-headed ogres (Orc:2)
  5 orc high priests
  3 orc knights (Orc:2)
  Pikel (D:4)
  A deep elf mage (Elf:1)
  A wolf spider (D:8)
  4 orc sorcerers (Orc:2)
  A cyclops (Orc:2)
  Psyche (D:9)
  The ghost of Jonnyslop the Poker, a novice GrGl of Cheibriados (D:4)
  The ghost of nimbus123 the Insei, a novice OpTm (D:4)
  3 trolls
  Sigmund (D:4)
  A wyvern (D:9)
  The ghost of bikkil the Slasher, an amateur MiBe of Trog (D:4)
  Edmund (D:4)
  A water moccasin (D:8)
  2 ice beasts
  2 sky beasts (D:9)
  4 phantoms
  4 black bears
  40 orc warriors
  A necrophage (D:8)
  14 ogres
  A centaur (D:8)
  2 big kobolds
  A lemure (D:4)
  5 bullfrogs
  A scorpion (D:10)
  7 wights
  A howler monkey (D:10)
  2 electric eels (D:9)
  2 centaur skeletons
  28 orc priests
  17 orc wizards
  3 hounds
  Crazy Yiuf (D:4)
  Natasha (twice) (D:3)
  9 worker ants
  A killer bee zombie (D:10)
  A big kobold zombie (Ossuary)
  3 hound skeletons
  8 mummies (Ossuary)
  2 worker ant zombies (D:8)
  8 gnolls
  8 adders
  A howler monkey skeleton (D:9)
  A shadow imp (D:7)
  A white imp (D:8)
  An adder zombie (D:7)
  4 adder skeletons
  4 worms
  2 dart slugs
  4 leopard geckos
  109 orcs
  3 ball pythons
  2 bats (D:3)
  6 giant cockroaches
  2 gnoll zombies (Ossuary)
  4 goblins
  5 hobgoblins
  17 kobolds
  3 quokkas
  7 frilled lizards
  A hobgoblin zombie (Ossuary)
  2 jackal zombies
  A kobold zombie (Ossuary)
  A leopard gecko skeleton (D:4)
  A leopard gecko zombie (D:8)
  3 orc zombies (Ossuary)
  6 rats
403 creatures vanquished.

Vanquished Creatures (collateral kills)
  An ettin (shapeshifter) (Elf:1)
  A two-headed ogre (Orc:2)
  A deep elf mage (Elf:1)
  An orc sorcerer (Orc:2)
  The ghost of Geeful the Skirmisher, an amateur HOAK of Lugonu (D:4)
  An orc priest (Orc:1)
  An orc wizard (Orc:1)
  4 orcs (Orc:1)
11 creatures vanquished.

Vanquished Creatures (others)
  6 orcs
  A quokka (D:2)
  6 fungi (D:3)
  6 toadstools (D:3)
  2 withered plants (D:4)
21 creatures vanquished.

Grand Total: 435 creatures vanquished

Notes
Turn   | Place    | Note
-------+----------+-------------------------------------------
     0 | D:1      | AmazingTV the Minotaur Berserker began the quest for the
                  | Orb.
     0 | D:1      | Reached XP level 1. HP: 19/19 MP: 0/0
   386 | D:1      | Reached skill level 4 in Fighting
   386 | D:1      | Reached XP level 2. HP: 27/27 MP: 1/1
  1487 | D:2      | Reached XP level 3. HP: 34/34 MP: 2/2
  1530 | D:2      | Found a radiant altar of Vehumet.
  1841 | D:2      | Reached ** piety under Trog
  2013 | D:3      | Reached skill level 1 in Slings
  2064 | D:3      | Reached XP level 4. HP: 31/41 MP: 3/3
  2090 | D:3      | Reached skill level 1 in Stealth
  2198 | D:3      | Noticed Natasha
  2205 | D:3      | Killed Natasha
  2206 | D:3      | Reached skill level 5 in Fighting
  2218 | D:3      | Noticed Natasha
  2220 | D:3      | Killed Natasha
  2221 | D:3      | Reached XP level 5. HP: 41/48 MP: 4/4
  2270 | D:3      | Found a snail-covered altar of Cheibriados.
  2502 | D:3      | You fall into a shaft and drop 1 floor!
  2502 | D:4      | Noticed an ogre
  2505 | D:4      | Noticed Edmund
  2512 | D:4      | Killed an ogre
  2513 | D:4      | Reached XP level 6. HP: 50/56 MP: 5/5
  2520 | D:4      | Killed Edmund
  2732 | D:4      | Reached skill level 6 in Fighting
  2732 | D:4      | Reached skill level 5 in Maces & Flails
  2732 | D:4      | Reached XP level 7. HP: 33/63 MP: 6/6
  2741 | D:4      | Noticed Pikel
  2754 | D:4      | Killed Pikel
  2755 | D:4      | Reached skill level 7 in Fighting
  2764 | D:4      | Found a runed translucent gate.
  2764 | D:4      | Found a runed translucent gate.
  2764 | D:4      | Found a runed translucent gate.
  2765 | D:4      | Noticed nimbus123's ghost (novice OpTm)
  2765 | D:4      | Noticed Jonnyslop's ghost (novice GrGl)
  2765 | D:4      | Noticed Geeful's ghost (amateur HOAK)
  2765 | D:4      | Noticed bikkil's ghost (amateur MiBe)
  2823 | D:4      | Found a basalt altar of Yredelemnul.
  2875 | D:4      | Found a sand-covered staircase.
  2884 | Ossuary  | Entered an ossuary
  2944 | Ossuary  | Reached *** piety under Trog
  2964 | Ossuary  | Reached XP level 8. HP: 73/73 MP: 7/7
  3649 | D:4      | Reached skill level 8 in Fighting
  3649 | D:4      | Reached skill level 5 in Slings
  3863 | D:4      | Found an ornate altar of the Wu Jian Council.
  4103 | D:4      | Noticed Sigmund
  4111 | D:4      | Killed Sigmund
  4117 | D:4      | Found a runed translucent door.
  4118 | D:4      | Noticed Crazy Yiuf
  4124 | D:4      | Killed Crazy Yiuf
  4201 | D:5      | Entered Level 5 of the Dungeon
  4678 | D:6      | Found a bloodstained altar of Trog.
  4817 | D:6      | Found a staircase to the Ecumenical Temple.
  4823 | Temple   | Entered the Ecumenical Temple
  4926 | D:6      | Got a scorched ring mail
  5251 | D:5      | Reached **** piety under Trog
  5325 | D:5      | Reached XP level 9. HP: 82/82 MP: 8/8
  5811 | D:5      | Found Meod's Antique Armour Shoppe.
  6180 | D:7      | Reached skill level 1 in Axes
  6337 | D:7      | Found an opulent altar of Gozag.
  6503 | D:7      | Identified the cursed +0 ring mail of Elitism {rN+} (You
                  | found it on level 6 of the Dungeon)
  6789 | D:8      | Reached skill level 1 in Throwing
  6793 | D:8      | Reached skill level 9 in Fighting
  6793 | D:8      | Reached skill level 5 in Stealth
  6793 | D:8      | Found a glowing silver altar of Zin.
  6968 | D:8      | Noticed a wolf spider
  6974 | D:8      | Found a hazy altar of Hepliaklqana.
  6974 | D:8      | Noticed an orc high priest
  6977 | D:8      | Noticed an ice devil
  6978 | D:8      | Killed a wolf spider
  6979 | D:8      | Reached skill level 5 in Armour
  6987 | D:8      | Killed an orc high priest
  6988 | D:8      | Reached skill level 1 in Polearms
  6988 | D:8      | Found a shadowy altar of Dithmenos.
  7165 | D:8      | Reached XP level 10. HP: 89/91 MP: 9/9
  7308 | D:8      | Found a roughly hewn altar of Beogh.
  7837 | D:4      | Gained mutation: Scrolls take you a little longer to read.
                  | [potion of mutation]
  7837 | D:4      | Gained mutation: You are weak. (Str -2) [potion of
                  | mutation]
  7837 | D:4      | Gained mutation: You are surrounded by a mild repulsion
                  | field. (EV +2) [potion of mutation]
  7838 | D:4      | Lost mutation: Scrolls take you a little longer to read.
                  | [potion of mutation]
  7838 | D:4      | Lost mutation: You are surrounded by a mild repulsion
                  | field. (EV +2) [potion of mutation]
  7838 | D:4      | Lost mutation: You are weak. (Str -2) [potion of mutation]
  7838 | D:4      | Gained mutation: You are covered in fur. (AC +1) [potion of
                  | mutation]
  7838 | D:4      | Gained mutation: Your magical capacity is low. (-10% MP)
                  | [potion of mutation]
  7838 | D:4      | Gained mutation: You tend to lose your temper in combat.
                  | [potion of mutation]
  7838 | D:4      | Gained mutation: Your muscles are strong. (Str +2) [potion
                  | of mutation]
  7853 | D:4      | Killed nimbus123's ghost
  7857 | D:4      | Killed Jonnyslop's ghost
  7857 | D:4      | Killed Geeful's ghost
  7860 | D:4      | Killed bikkil's ghost
  7861 | D:4      | Reached skill level 5 in Axes
  8003 | D:6      | You fall into a shaft and drop 3 floors!
  8098 | D:9      | Found Ticitoav's Book Shop.
  8960 | D:9      | Noticed Psyche
  8967 | D:9      | Killed Psyche
  9195 | D:10     | Entered Level 10 of the Dungeon
  9253 | D:10     | Reached skill level 10 in Fighting
  9290 | D:10     | Found Qyfuo's Book Shop.
  9335 | D:10     | Found a staircase to the Orcish Mines.
  9357 | Orc:1    | Entered Level 1 of the Orcish Mines
  9371 | Orc:1    | Reached skill level 5 in Dodging
  9374 | Orc:1    | Reached ***** piety under Trog
  9386 | Orc:1    | Received a gift from Trog
  9994 | Orc:2    | Entered Level 2 of the Orcish Mines
 10011 | Orc:2    | Noticed a two-headed ogre
 10014 | Orc:2    | Noticed a two-headed ogre
 10018 | Orc:2    | Killed a two-headed ogre
 10019 | Orc:2    | Reached XP level 11. HP: 101/101 MP: 8/8
 10026 | Orc:2    | Killed a two-headed ogre
 10143 | Orc:2    | Identified a scroll of acquirement
 10143 | Orc:2    | Acquired the ring "Urraevih" {rF+ rC+ Str+3 Int+3 Dex+6}
 10379 | Orc:2    | Noticed an orc knight
 10380 | Orc:2    | Found Epoga Dupso's Magic Scroll Boutique.
 10393 | Orc:2    | Killed an orc knight
 10397 | Orc:2    | Bought a scroll of enchant weapon for 127 gold pieces
 10397 | Orc:2    | Bought a scroll of enchant weapon for 127 gold pieces
 10397 | Orc:2    | Bought a scroll of identify for 34 gold pieces
 10397 | Orc:2    | Bought a scroll of identify for 34 gold pieces
 10467 | Orc:2    | Found Vuorio's Armour Shop.
 10467 | Orc:2    | Noticed an orc knight
 10488 | Orc:2    | Killed an orc knight
 10572 | Orc:2    | Noticed an orc sorcerer
 10576 | Orc:2    | Killed an orc sorcerer
 10603 | Orc:2    | Found a roughly hewn altar of Beogh.
 10627 | Orc:2    | Noticed an orc knight
 10627 | Orc:2    | Noticed an orc sorcerer
 10627 | Orc:2    | Noticed a two-headed ogre
 10627 | Orc:2    | Noticed a two-headed ogre
 10631 | Orc:2    | Killed a two-headed ogre
 10640 | Orc:2    | Killed a two-headed ogre
 10643 | Orc:2    | Killed an orc sorcerer
 10653 | Orc:2    | Killed an orc knight
 10654 | Orc:2    | Reached skill level 11 in Fighting
 10813 | Orc:2    | Reached skill level 5 in Throwing
 10982 | Orc:2    | Noticed an orc high priest
 10991 | Orc:2    | Killed an orc high priest
 11038 | Orc:2    | Reached XP level 12. HP: 93/110 MP: 9/9
 11045 | Orc:2    | Noticed an orc warlord
 11060 | Orc:2    | Killed an orc warlord
 11061 | Orc:2    | Reached skill level 10 in Maces & Flails
 11062 | Orc:2    | Found a roughly hewn altar of Beogh.
 11111 | Orc:2    | Noticed an orc high priest
 11118 | Orc:2    | Killed an orc high priest
 11119 | Orc:2    | Reached skill level 5 in Polearms
 11180 | Orc:2    | Noticed an orc high priest
 11194 | Orc:2    | Gained mutation: Armour fits poorly on your strangely
                  | shaped body. [a neqoxec]
 11198 | Orc:2    | Killed an orc high priest
 11205 | Orc:2    | Found Nithrah's Distillery.
 11233 | Orc:2    | Bought a potion of curing for 30 gold pieces
 11233 | Orc:2    | Bought a potion of heal wounds for 50 gold pieces
 11233 | Orc:2    | Bought a potion of curing for 30 gold pieces
 11233 | Orc:2    | Bought a potion of heal wounds for 50 gold pieces
 11233 | Orc:2    | Bought a potion of invisibility for 80 gold pieces
 11233 | Orc:2    | Bought a potion of heal wounds for 50 gold pieces
 11233 | Orc:2    | Bought a potion of heal wounds for 50 gold pieces
 11233 | Orc:2    | Bought a potion of flight for 30 gold pieces
 11233 | Orc:2    | Bought a potion of curing for 30 gold pieces
 11268 | Orc:2    | Noticed an orc high priest
 11279 | Orc:2    | Killed an orc high priest
 11283 | Orc:2    | Found Noakk's Gadget Emporium.
 11326 | Orc:2    | Bought a box of beasts for 560 gold pieces
 11507 | Orc:2    | Received a gift from Trog
 11508 | Orc:2    | Found the +8 glaive of the Guard {elec, spectral, AC+5}
 11762 | Orc:2    | Noticed a two-headed ogre
 11767 | Orc:2    | Killed a two-headed ogre
 11886 | Orc:2    | Reached skill level 1 in Evocations
 11910 | Orc:2    | Got a scorched morningstar
 11911 | Orc:2    | Identified the +4 morningstar of Blood {vamp, +Inv Will+
                  | Dex+2 Stlth-} (You found it on level 2 of the Orcish Mines)
 12003 | Orc:2    | Found a staircase to the Elven Halls.
 12151 | Orc:2    | Bought a potion of mutation for 80 gold pieces
 12152 | Orc:2    | Lost mutation: Your muscles are strong. (Str +2) [potion of
                  | mutation]
 12152 | Orc:2    | Lost mutation: Your magical capacity is low. (-10% MP)
                  | [potion of mutation]
 12152 | Orc:2    | Lost mutation: You tend to lose your temper in combat.
                  | [potion of mutation]
 12152 | Orc:2    | Gained mutation: Your magical capacity is low. (-10% MP)
                  | [potion of mutation]
 12152 | Orc:2    | Gained mutation: Your muscles are strong. (Str +2) [potion
                  | of mutation]
 12311 | Elf:1    | Entered Level 1 of the Elven Halls
 12312 | Elf:1    | Noticed a two-headed ogre
 12312 | Elf:1    | a two-headed ogre changed into a slime creature
 12314 | Elf:1    | Noticed a bunyip
 12314 | Elf:1    | a slime creature changed into a bunyip
 12317 | Elf:1    | Noticed an eight-headed hydra
 12317 | Elf:1    | a bunyip changed into an eight-headed hydra
 12320 | Elf:1    | Noticed an ettin
 12320 | Elf:1    | an eight-headed hydra changed into an ettin
 12322 | Elf:1    | Reached skill level 12 in Fighting
 12330 | Elf:1    | Killed an ettin
 12338 | Elf:1    | Killed from afar by a deep elf mage

Illustrated notes

Levels and vault maps discovered:
D:1:      psy_arrival_fountain, layout_basic, kennysheep_another_room,
          minmay_misc_feat_rows
D:2:      layout_rooms, fiery_altar_vehumet, serial_rivers,
          chequers_serial_rivers_large_a, chequers_serial_rivers_small_b,
          chequers_serial_rivers_room_a, chequers_serial_rivers_small_3,
          chequers_serial_rivers_small_3
D:3:      layout_rooms, cheibriados_altar_2, dk_noncrumbling_3,
          minmay_gold_behind_fungi, uniq_natasha
D:4:      minmay_polygon_palace, layout_basic, lemuel_doored_altar,
          lemuel_coloured_pillars_altar, nicolae_ossuary_entry_monument,
          gammafunk_ghost_cemetery, minivault_24, minmay_manual_mullet,
          uniq_pikel, uniq_edmund, uniq_crazy_yiuf_cottage, uniq_sigmund
D:5:      layout_cave_pods, serial_shops, kennysheep_mini_moat
D:6:      layout_cave_pods, trog_ov_bears_minmay, minmay_temple_entry_hall
D:7:      layout_cave_pools, nicolae_gozag_seed_capital
D:8:      layout_gridville, special_room [special_room_orc], basic_altar,
          hangedman_decor_clover_reticule, jmf_multi_god_temple
D:9:      layout_basic, serial_shops, shop, kennysheep_small_spiral, uniq_psyche
D:10:     layout_loops_ring, orc_0_dummy, serial_shops,
          nicolae_shop_behind_doors, nicolae_shop_trees,
          nicolae_shop_temple_entry_statues_fountains, nicolae_shop_crystal,
          nicolae_shop_waterfront, uniq_maurice
Temple:   eino_temple_scatter_basement
Orc:1:    layout_caves, serial_shops
Orc:2:    pubby_orc_utopia
Elf:1:    elf_arrival_001, layout_gridlike, serial_shops, shop,
          evilmike_minifort, st_stairs_7, sword_in_stone, minmay_shop_star

Skill      XL: |  1  2  3  4  5  6  7  8  9 10 11 12 |
---------------+-------------------------------------+-----
Fighting       | 4 5 6 7 8 9 10 11 12 | 12.0
Maces & Flails | 4 5 6 7 8 9 10 | 10.3
Slings         | 1 2 3 6 |  6.1
Stealth        | 1 2 4 6 7 8 |  8.9
Armour         | 3 4 5 6 8 9 |  9.2
Dodging        | 3 4 5 6 7 |  7.1
Axes           | 3 6 8 9 |  9.0
Throwing       | 2 4 5 6 |  6.7
Polearms       | 1 2 4 6 |  6.7
Evocations     | 1 |  1.4

Action                   |  1- 3 |  4- 6 |  7- 9 | 10-12 || total
-------------------------+-------+-------+-------+-------++-------
Melee: Mace              |    53 |    52 |    29 |       ||   134
       Headbutt          |     7 |    10 |    25 |    90 ||   132
       Whip              |       |       |    44 |       ||    44
       Flail             |       |       |    48 |    93 ||   141
       Trident           |       |       |    12 |     5 ||    17
       War axe           |       |       |     4 |    82 ||    86
       Halberd           |       |       |       |    36 ||    36
       Morningstar       |       |       |       |   100 ||   100
       Glaive            |       |       |       |    27 ||    27
 Fire: Hunting sling     |    67 |    29 |   206 |   178 ||   480
Throw: Stone             |     4 |       |     3 |       ||     7
       Dart              |       |       |     2 |    67 ||    69
       Boomerang         |       |       |       |    35 ||    35
Invok: Trog's Hand       |     1 |     1 |     3 |    15 ||    20
       Berserk           |       |     2 |     2 |     4 ||     8
       Brothers in Arms  |       |       |     1 |     5 ||     6
  Use: Potion            |       |     1 |       |    12 ||    13
       Scroll            |       |       |     1 |    12 ||    13
 Stab: Distracted        |       |       |       |     1 ||     1
       Sleeping          |       |       |       |     1 ||     1
Armor: Animal skin       |    13 |       |       |       ||    13
       Ring mail         |       |     4 |     8 |    42 ||    54
       Scale mail        |       |     7 |    35 |       ||    42
       Plate armour      |       |       |       |   111 ||   111
Dodge: Dodged            |    33 |    36 |    78 |   187 ||   334
